 Dungeon Crawl Stone Soup version 0.01-2087-gb5e28fc70b (webtiles) character file.

Game seed: 6260921600380818858, levelgen mode: deterministic

554 funkygono the Whippersnapper (level 7, -6/60 HPs) Minotaur Fighter. Began on May 31, 2020. Mangled by a guardian mummy (20 damage) ... on level 3 of the Dungeon. The game lasted 00:07:23 (2317 turns).

funkygono the Whippersnapper (Minotaur Fighter)     Turns: 2317, Time: 00:07:23

Health: -6/60      AC: 12    Str: 28    XL:     7 ^: 634
Magic:  6/6        EV:  7    Int:  5    God:
Gold:   140        SH: 11    Dex:  9    Spells: 6/6 levels left

rFire    . . .     Vision   .   a - +0 flail
rCold    . . .     Gourm    .   c - +1 heater shield
rNeg     . . .     Faith    .   e - +0 chain mail
rPois    +         Spirit   .   (helmet restricted)
rElec    .         Reflect  .   (no cloak)
rCorr    .         Harm     .   u - +0 pair of gloves
MR       .....                  h - +0 pair of boots
Stlth    ..........             (no amulet)
HPRegen  0.30/turn              o - ring of poison resistance (curse) {(Curse: *Drain *Slow)}
MPRegen  0.16/turn              (no ring)

@: mighty
A: retaliatory headbutt, horns 2
a: no special abilities


You were on level 3 of the Dungeon.
You were not hungry.

You visited 1 branch of the dungeon, and saw 3 of its levels.

You collected 140 gold pieces.

Inventory:

Weapons
 a - a +0 flail (weapon) Shields
 c - a +1 heater shield (shield)
 m - a +0 scutum
 x - a +0 nunchaku
Armour
 b - a +0 scale mail
 e - a +0 chain mail (worn)
 h - a +0 pair of boots (worn)
 u - a +0 pair of gloves (worn)
Jewellery
 o - a cursed ring of poison resistance (left hand) {(Curse: *Drain *Slow)}
Wands
 w - a wand of acid (9)
Scrolls
 i - 5 scrolls of magic mapping
 j - 3 scrolls of teleportation
 k - a scroll of fog
 r - 2 scrolls of enchantment
 s - 2 scrolls of blinking
 t - a scroll of amnesia
Potions
 d - a potion of might
 l - a potion of magic
 n - a potion of curing
 p - a potion of brilliance
 q - a potion of agility
 v - a potion of cancellation
Comestibles
 f - 5 rations
 g - 15 chunks of flesh


   Skills:
 + Level 4.9 Fighting
 + Level 6.7 Whips & Flails
 + Level 5.1 Armour
 + Level 1.0 Dodging
 + Level 5.3 Shields


You had 6 spell levels left.
You didn't know any spells.
Your spell library was empty.

Dungeon Overview and Level Annotations

Branches:
Dungeon (3/8)

Altars:


Innate Abilities, Weirdness & Mutations

You reflexively headbutt those who attack you in melee.
You have a pair of horns on your head.


Message History

The worker ant zombie bites you but does no damage.
You barely miss the guardian mummy. You block the guardian mummy's attack.
You block the worker ant zombie's attack.
You hit the guardian mummy but do no damage.
The guardian mummy is lightly damaged. (40/48) HP The guardian mummy hits you but does no damage.
You block the worker ant zombie's attack.
You hit the guardian mummy but do no damage.
The guardian mummy is lightly damaged. (40/48) HP The worker ant zombie bites you (3).
The guardian mummy hits you (7)!
* * * LOW HITPOINT WARNING * * *
You feel very mighty all of a sudden.
You block the worker ant zombie's attack.
You block the guardian mummy's attack.
You hit the guardian mummy (3). You headbutt the guardian mummy (5).
The guardian mummy is moderately damaged. (32/48) HP The worker ant zombie bites you (2).
* * * LOW HITPOINT WARNING * * *
The guardian mummy hits you (20)!!
You die...

.[........#....#
..........#....##### ##+##
..........#......... .....
..........#.÷....... .....
..........#......... .....
..........##'####... #....
####...........# . #....
#....ZM.....# .....
#.....@.....# .....
#....)÷÷....# .....
#####....÷†))...##### #####
........###'#.......###....
........#...#.......#......
........#...#.......#......
........#...#.......#......
........#...#.......#######
#########...#######........


You could see a guardian mummy and a worker ant zombie.

Vanquished Creatures
  2 ogres (D:3)
  An orc wizard (D:3)
  A hound (D:3)
  5 worker ants (D:3)
  A wyvern skeleton (D:3)
  A bullfrog skeleton (D:2)
  A porcupine skeleton (D:3)
  6 adders
  3 worms (D:2)
  2 dart slugs (D:1)
  A leopard gecko (D:3)
  8 orcs
  An adder zombie (D:3)
  4 bats
  6 giant cockroaches
  5 goblins
  7 hobgoblins
  6 jackals (D:3)
  A quokka (D:3)
  7 frilled lizards
  A jackal skeleton (D:3)
  6 kobolds
  9 rats
85 creatures vanquished.

Notes
Turn   | Place    | Note
-------+----------+-------------------------------------------
     0 | D:1      | funkygono the Minotaur Fighter began the quest for the Orb.
     0 | D:1      | Reached XP level 1. HP: 19/19 MP: 0/0
   231 | D:1      | Reached XP level 2. HP: 27/27 MP: 1/1
   814 | D:2      | Reached skill level 3 in Whips & Flails
   814 | D:2      | Reached XP level 3. HP: 20/33 MP: 2/2
  1031 | D:2      | Reached XP level 4. HP: 36/40 MP: 3/3
  1361 | D:2      | Reached skill level 4 in Whips & Flails
  1848 | D:3      | Reached XP level 5. HP: 33/47 MP: 4/4
  2035 | D:3      | Noticed an ogre
  2045 | D:3      | Killed an ogre
  2045 | D:3      | Reached skill level 5 in Whips & Flails
  2045 | D:3      | Reached skill level 1 in Dodging
  2045 | D:3      | Reached XP level 6. HP: 35/53 MP: 5/5
  2097 | D:3      | Reached skill level 5 in Shields
  2208 | D:3      | Reached skill level 6 in Whips & Flails
  2208 | D:3      | Reached skill level 5 in Armour
  2286 | D:3      | Reached XP level 7. HP: 42/60 MP: 6/6
  2317 | D:3      | Mangled by a guardian mummy

Levels and vault maps discovered:
D:1:      wander_arrival_desolate, layout_basic
D:2:      layout_basic, first_ration, serial_co_window_serial,
          co_window_paths_a, co_window_paths_a, co_window_paths_b,
          co_window_paths_a, co_window_cross_1, co_window_corner_b,
          co_window_corner_cb, co_window_2corner, co_window_of_opportunity_c,
          co_window_sun, glass_columns_b, glass_columns_b, glass_columns_a,
          glass_columns_c, glass_columns_a, st_stairs_11
D:3:      layout_gridville, enter_ossuary_1, uniq_sigmund

Skill      XL: |  1  2  3  4  5  6 |
---------------+-------------------+-----
Fighting       | 4 |  4.9
Armour         | 4 5 |  5.1
Whips & Flails | 3 4 5 6 |  6.7
Shields        | 4 5 |  5.3
Dodging        | 1 |  1.0

Action                   |  1- 3 |  4- 6 |  7- 9 || total
-------------------------+-------+-------+-------++-------
Melee: Flail             |    81 |   153 |    27 ||   261
       Headbutt          |     7 |    26 |     3 ||    36
  Use: Scroll            |     1 |       |       ||     1
       Potion            |       |       |     1 ||     1
  Eat: Chunk             |       |     5 |       ||     5
Armor: Chain mail        |    44 |    69 |    14 ||   127
       Scale mail        |     1 |       |       ||     1
Dodge: Dodged            |    25 |    36 |    14 ||    75
Block: Heater shield     |    50 |    88 |    24 ||   162
